 Dungeon Crawl Stone Soup version 0.30-a0-879-ga8ba668304 (webtiles) character file.

Game seed: 14102716462116401042

25 Pimp the Firebug (level 3, -3/30 HPs)
             Began as a Gargoyle Fire Elementalist on Mar 13, 2023.
             Slain by Crazy Yiuf
             ... wielding a +2 quarterstaff of chaos
              (10 damage)
             ... on level 2 of the Dungeon.
             The game lasted 00:03:23 (1332 turns).

Pimp the Firebug (Gargoyle Fire Elementalist)       Turns: 1332, Time: 00:03:24

Health: -3/30      AC:  5    Str:  9 (11) XL:     3   Next: 6%
Magic:  6/6        EV: 11    Int: 16 (17) God:
Gold:   80         SH:  0    Dex:  7 (10) Spells: 5/6 levels left

rFire   . . .      SeeInvis .    g - +0 hand axe
rCold   . . .      Faith    .    h - +0 buckler
rNeg    + . .      Spirit   .    a - +0 robe
rPois   ∞          Reflect  .    (no helmet)
rElec   +          Rampage  .    (no cloak)
rCorr   .                        (no gloves)
Will    .....                    (no boots) Stlth
                                 (no amulet)
HPRegen 0.25/turn                (no ring)
MPRegen 0.10/turn                (no ring)

@: confused, berserking, attractive, very quick
A: sickness immunity, AC +3, negative energy resistance 1, electricity
resistance, torment resistance 1, petrification resistance
a: no special abilities


You were on level 2 of the Dungeon.
You visited 1 branch of the dungeon, and saw 2 of its levels.

You collected 80 gold pieces.

Inventory:

Hand Weapons
 g - a +0 hand axe (weapon)
Armour
 a - a +0 robe (worn)
 h - a +0 buckler (worn)
Jewellery
 n - an amulet of the acrobat
Scrolls
 e - a scroll of immolation {unknown}
 f - a scroll of butterflies {unknown}
 i - a scroll of silence {unknown}
 j - a scroll of identify {unknown}
 m - a scroll of enchant armour {unknown}
Potions
 b - a potion of magic


   Skills:
 + Level 0.6 Fighting
 + Level 0.4 Axes
 + Level 1.8 Dodging
 + Level 2.5 Stealth
 + Level 0.4 Shields
 + Level 2.2 Spellcasting
 + Level 1.4 Conjurations
 + Level 3.1 Fire Magic


You had 5 spell levels left.
You knew the following spells:

 Your Spells              Type           Power      Damage    Failure   Level
a - Foxfire               Conj/Fire      36%        2x1d5     11%         1

Your spell library contained the following spells:

 Spells                   Type           Power      Damage    Failure   Level
 Scorch                   Fire           22%        2d6       12%         2
 Inner Flame              Hex/Fire       6%         N/A       41%         3
 Kindle Blastsparks       Fire/Tloc/Air  10%        2d10      47%         3
 Flame Wave               Conj/Fire      9%         2d6       71%         4


Dungeon Overview and Level Annotations

Branches:
Dungeon (2/15)

Altars:
Xom

Annotations:
D:2 Crazy Yiuf


Innate Abilities, Weirdness & Mutations

You are immune to sickness and miasma.
Your stone body is resilient. (AC +3)
You are immune to poison.
You resist negative energy. (rN+)
You are resistant to electric shocks. (rElec)
You are resistant to unholy torment.
You are immune to petrification.


Message History

You open the door.
There is an open door here.
You see here 5 boomerangs.
You open the door.
There is an open door here.
There is an open door here.
You see here a +0 dagger.
n - an amulet of the acrobat You see here a +0 ring mail.
There is an open door here.
There is an open door here.
Crazy Yiuf shouts!
It was a potion of degeneration.
There was something very wrong with that liquid.
You feel weakened.
You feel dopey.
You feel clumsy.
It was a potion of curing.
You feel better.
It was a potion of attraction.
You feel attractive to monsters.
It was a potion of berserk rage.
A red film seems to cover your vision as you go berserk!
You feel yourself moving faster!
You feel mighty!
Crazy Yiuf says, "Buddy poople hand!"
The door flies open with a bang!
You feel a strong urge to attack something.
You hit Crazy Yiuf but do no damage.
Crazy Yiuf hits you with a +2 quarterstaff of chaos!
You hit Crazy Yiuf.
Crazy Yiuf is lightly wounded.
You hit Crazy Yiuf.
Crazy Yiuf is heavily wounded.
Crazy Yiuf hits you but does no damage.
You barely miss Crazy Yiuf.
Crazy Yiuf is heavily wounded.
Crazy Yiuf hits you with a +2 quarterstaff of chaos!
* * * LOW HITPOINT WARNING * * *
You are confused.
You barely miss Crazy Yiuf.
Crazy Yiuf is heavily wounded.
Crazy Yiuf hits you with a +2 quarterstaff of chaos!
You die...

##.#
#####....#
###.#...####
#.## #....#
#..#...# .##
#....#
####...# ..#
#...## #####
#.# ##.##
#.# #.##
#.########
##.#
.........#
#.##
#.######.#
##@# #.#
#.### #g#
..# #...#
... ###
##### #...#
#..)# #####


You could see Crazy Yiuf.

Vanquished Creatures
  An adder (D:2)
  A ball python (D:2)
  3 bats
  2 giant cockroaches (D:2)
  A goblin (D:2)
  4 hobgoblins
  A kobold (D:2)
  A frilled lizard (D:2)
  A rat (D:2)
15 creatures vanquished.

Vanquished Creatures (others)
  25 foxfires
25 creatures vanquished.

Grand Total: 40 creatures vanquished

Notes
Turn   | Place    | Note
-------+----------+-------------------------------------------
     0 | D:1      | Pimp the Gargoyle Fire Elementalist began the quest for the
                  | Orb.
     0 | D:1      | Reached XP level 1. HP: 10/10 MP: 3/3
   585 | D:2      | Reached XP level 2. HP: 15/15 MP: 3/5
   707 | D:2      | Found a shimmering altar of Xom.
   947 | D:2      | Reached XP level 3. HP: 20/20 MP: 4/6
  1105 | D:2      | Found a runed translucent door.
  1106 | D:2      | Noticed Crazy Yiuf
  1332 | D:2      | Slain by Crazy Yiuf

Illustrated notes

Levels and vault maps discovered:
D:1:      minmay_arrival_nine_rooms, layout_rooms
D:2:      layout_loops_corners, basic_altar, uniq_crazy_yiuf_cottage

Action                     || total
---------------------------++-------
  Melee: Unarmed           ||    13
         Hand axe          ||    34
   Cast: Foxfire           ||    17
    Use: Potion            ||     4
 Armour: Robe              ||    20
  Dodge: Dodged            ||    38
  Block: Buckler           ||    10

Table legend: (Time is in decaauts)
 A = Elapsed time spent in this place.
 B = Non-inter-level travel time spent in this place.
 C = Inter-level travel time spent in this place.
 D = Time resting spent in this place.
 E = Time spent auto-exploring this place.
 F = Levels seen in this place.
 G = Mean time per level.
                   A        B        C        D        E       F      G
               +--------+--------+--------+--------+--------+-----+--------+
         Total |   1340 |   1249 |     91 |    213 |    836 |   2 |  670.0 |
       Dungeon |   1340 |   1249 |     91 |    213 |    836 |   2 |  670.0 |
               +--------+--------+--------+--------+--------+-----+--------+

Top non-repeatable levels by time:
     D:2: 784 daAuts
     D:1: 556 daAuts
